 Dungeon Crawl Stone Soup version 0.28.0 (webtiles) character file.

Game seed: 2989324237415867869

118 Strat the Cudgeller (level 4, -1/35 HPs)
             Began as a Minotaur Artificer on Feb 17, 2022.
             Slain by Sigmund (4 damage)
             ... on level 3 of the Dungeon.
             The game lasted 00:03:19 (1939 turns).

Strat the Cudgeller (Minotaur Artificer)            Turns: 1939, Time: 00:03:19

Health: -1/35      AC:  9    Str: 19    XL:     4   Next: 72%
Magic:  0/3        EV:  7    Int:  8    God:
Gold:   44         SH:  0    Dex: 10    Spells: 3/3 levels left

rFire   . . .      SeeInvis .   a - +0 battleaxe
rCold   . . .      Faith    .   (shield currently unavailable)
rNeg    . . .      Spirit   +   m - +0 chain mail
rPois   .          Reflect  .   (helmet restricted)
rElec   .          Harm     .   (no cloak)
rCorr   .          Rampage  .   p - +0 pair of gloves
Will    .....                   (no boots)
Stlth   ..........              o - amulet of guardian spirit
HPRegen 0.11/turn               (no ring)
MPRegen 0.08/turn               (no ring)

@: no status effects
A: horns 2, retaliatory headbutt
a: no special abilities


You were on level 3 of the Dungeon.
You visited 1 branch of the dungeon, and saw 3 of its levels.

You collected 44 gold pieces.

Inventory:

Hand Weapons
 a - a +0 battleaxe (weapon)
 f - a +1 vampiric hand axe
 h - a +0 club
 q - a +0 whip
Missiles
 j - 11 poisoned darts
Armour
 b - a +0 leather armour
 g - a +0 ring mail
 m - a +0 chain mail (worn)
 p - a +0 pair of gloves (worn)
Jewellery
 l - a ring of flight
 o - an amulet of guardian spirit (around neck)
Wands
 c - a wand of flame (15) (quivered)
 d - a wand of charming (10)
Potions
 i - a potion of curing
 k - 2 potions of lignification {unknown}
Miscellaneous
 e - a piece from Xom's chessboard (15/15)


   Skills:
 - Level 1.2 Fighting
 + Level 2.2(3.8) Axes
 - Level 4.7(5.0) Maces & Flails
 - Level 2.4 Armour
 - Level 1.1 Dodging
 - Level 0.7 Stealth
 - Level 2.6 Evocations


You had 3 spell levels left.
You didn't know any spells.
Your spell library was empty.

Dungeon Overview and Level Annotations

Branches:
Dungeon (3/15)

Altars:
Vehumet

Annotations:
D:3 Sigmund


Innate Abilities, Weirdness & Mutations

You have a pair of horns on your head.
You reflexively headbutt those who attack you in melee.


Message History

Done exploring.
There is a stone staircase leading down here.
You climb downwards.
The orc shouts! x2; The orc priest shouts!
The orc shouts!
There is a stone staircase leading up here.
There are monsters nearby!
You climb upwards.
There is a stone staircase leading down here.
There is a stone staircase leading down here.
You climb downwards.
Sigmund shouts!
The hobgoblin shouts!
Sigmund gestures wildly while chanting.
Sigmund flickers and vanishes!
Deactivating autopickup; reactivate with Ctrl-A.
There is a stone staircase leading up here.
A hobgoblin is nearby!
You barely miss the hobgoblin. Your headbutt misses the hobgoblin.
The hobgoblin closely misses you.
The hobgoblin hits you but does no damage.
You barely miss the hobgoblin. You headbutt the hobgoblin.
The hobgoblin is heavily wounded.
The hobgoblin hits you but does no damage.
You closely miss the hobgoblin.
The hobgoblin is heavily wounded.
The hobgoblin barely misses you. Something hits you but does no damage.
The hobgoblin hits you but does no damage.
You slash the hobgoblin!
You kill the hobgoblin!
Something hits you.
You see here a hobgoblin corpse.
You barely miss something. Something hits you!
* * * LOW HITPOINT WARNING * * *
You closely miss something. Your headbutt misses something. Something hits you!
* * * LOW HITPOINT WARNING * * *
You closely miss something. Something hits you.
* * * LOW HITPOINT WARNING * * *
You barely miss something. Your headbutt misses something. Something hits you!
* * * LOW HITPOINT WARNING * * *
You miss something. Something hits you.
You die...

# .# .#
#......
..
.....#
.#
......
....
...#
#B. #{#
#@# #<#
#.# #.#
#.# #.#
... #..
#..


You could see a giant cockroach.

Vanquished Creatures
  A hound (D:2)
  Terence (D:2)
  Robin (D:2)
  An adder (D:2)
  4 ball pythons
  2 endoplasms (D:1)
  7 goblins
  6 hobgoblins
  4 kobolds
  A quokka (D:2)
  2 bats (D:1)
  4 frilled lizards
  2 rats
36 creatures vanquished.

Vanquished Creatures (collateral kills)
  A worm (D:2)
  An endoplasm (D:2)
  A bat (D:2)
  A rat (D:2)
4 creatures vanquished.

Grand Total: 40 creatures vanquished

Notes
Turn   | Place    | Note
-------+----------+-------------------------------------------
     0 | D:1      | Strat the Minotaur Artificer began the quest for the Orb.
     0 | D:1      | Reached XP level 1. HP: 16/16 MP: 0/0
   217 | D:1      | Reached skill level 1 in Maces & Flails
   302 | D:1      | Reached skill level 2 in Maces & Flails
   327 | D:1      | Reached XP level 2. HP: 23/23 MP: 1/1
   540 | D:1      | You fall into a shaft and drop 1 floor!
   603 | D:2      | Found a radiant altar of Vehumet.
   629 | D:2      | Noticed Robin
   684 | D:2      | Killed Robin
   685 | D:2      | Reached skill level 3 in Maces & Flails
   685 | D:2      | Reached XP level 3. HP: 25/28 MP: 2/2
   779 | D:2      | Noticed Terence
  1074 | D:2      | Reached skill level 4 in Maces & Flails
  1074 | D:2      | Reached XP level 4. HP: 35/35 MP: 3/3
  1592 | D:2      | Reached skill level 1 in Axes
  1642 | D:2      | Killed Terence
  1929 | D:3      | Noticed Sigmund
  1939 | D:3      | Slain by Sigmund

Illustrated notes

Levels and vault maps discovered:
D:1:      tarquinn_simple_flora_water_b, layout_loops_corners,
          shapermc_ecumenical_altar_rom_forum, minmay_misc_feat_alley
D:2:      layout_basic, basic_altar, uniq_terence, uniq_robin
D:3:      layout_loops_ring, uniq_sigmund

Skill      XL: |  1  2  3  4 |
---------------+-------------+-----
Maces & Flails | 2 3 4 |  4.7
Axes           | 2 |  2.2
Fighting       | |  1.2
Armour         | |  2.4
Dodging        | |  1.1
Stealth        | |  0.7
Evocations     | |  2.6

Action                   |  1- 3 |  4- 6 || total
-------------------------+-------+-------++-------
Melee: Club              |    30 |       ||    30
       Headbutt          |     7 |     7 ||    14
       Whip              |    34 |    27 ||    61
       Punch             |     1 |       ||     1
       Battleaxe         |       |    18 ||    18
Evoke: Wand              |     5 |       ||     5
  Use: Scroll            |       |     2 ||     2
Armor: Leather armour    |     3 |       ||     3
       Ring mail         |    12 |       ||    12
       Chain mail        |     4 |    21 ||    25
Dodge: Dodged            |    44 |    15 ||    59
